 Dungeon Sprint DCSS version 0.17-a0-1397-g0eee0a3 (webtiles) character file.

105399 Kidiri the Shatterer (level 16, -11/125 HPs)
             Began as a Gargoyle Fighter on June 17, 2015.
             Was the Champion of Qazlal.
             Killed from afar by a Hell Sentinel (37 damage)
             ... with a blast of hellfire
             ... in the Dungeon (Sprint V: "Ziggurat Sprint").
             The game lasted 00:35:46 (2175 turns).

Kidiri the Shatterer (Gargoyle Fighter)             Turns: 2175, Time: 00:35:46

Health: -11/125    AC: 56    Str: 38    XL:     16   Next: 41%
Magic:  18/27      EV: 18    Int: 21    God:    Qazlal [******]
Gold:   0          SH: 45    Dex: 19    Spells: 0 memorised, 15 levels left

rFire  . . .     SeeInvis .     B - +6 shillelagh "Devastator" {shatter}
rCold  . . .     Clarity  .     y - +15 Maxwell's patent armour {-Cast -Tele rElec MR+ rCorr}
rNeg   + + .     SustAt   .     A - +18 shield of the gong {rElec rN+ MR+ EV-5}
rPois  ∞         Gourm    .     (helmet restricted)
rElec  +         Spirit   .     Z - +0 cloak of Xacvut {Slay+2} (curse)
rCorr  +         Warding  .     b - +2 pair of fencer's gloves {LBl+4 SBl+4 EV+3 Dex+6}
rMut   .         Stasis   +     W - +2 pair of boots {run}
MR     +++..     NoCast   +     C - amulet "Donibyet" {Stasis *Corrode Str+7 Int+4}
Stlth  ..........               Q - ring "Etah" {Int+4 Dex+4 Slay+3 Stlth+}
                                D - +6 ring of strength

@: studying 3 skills, repel missiles, quick, extremely resistant to hostile
enchantments, extremely unstealthy
A: big wings, horns 1, molten scales 1, berserk 1, clever 1, negative energy
resistance 1, regeneration 1, electricity resistance, unbreathing, evolution 1,
petrification resistance, rot immunity, subdued magic 2, MP-powered wands, AC
+11
a: Fly, Upheaval, Elemental Force, Disaster Area, Renounce Religion


You were in the Dungeon.
You worshipped Qazlal.
Qazlal was exalted by your worship.
You were completely stuffed.

You visited 1 branch

Inventory:

Hand weapons
 B - the +6 shillelagh "Devastator" (weapon) {shatter}
   (You found it in the Dungeon)
Armour
 b - the +2 pair of fencer's gloves (worn) {LBl+4 SBl+4 EV+3 Dex+6}
   (You found it in the Dungeon)

   It affects your evasion (+3).
   It affects your dexterity (+6).
 y - the +15 Maxwell's patent armour (worn) {-Cast -Tele rElec MR+ rCorr}
   (You found it in the Dungeon)

   It insulates you from electricity.
   It affects your resistance to hostile enchantments.
   It prevents spellcasting.
   It prevents most forms of teleportation.
   It protects you from acid and corrosion.
 A - the +18 shield of the gong (worn) {rElec rN+ MR+ EV-5}
   (You found it in the Dungeon)

   It affects your evasion (-5).
   It insulates you from electricity.
   It protects you from negative energy.
   It affects your resistance to hostile enchantments.
 W - a +2 pair of boots of running (worn)
 Z - the cursed +0 cloak of Xacvut (worn) {Slay+2}
   (You found it in the Dungeon)

   It affects your accuracy and damage with ranged weapons and melee attacks
   (+2).
   It has a curse placed upon it.
Jewellery
 C - the amulet "Donibyet" (around neck) {Stasis *Corrode Str+7 Int+4}
   (You found it in the Dungeon)

   [amulet of stasis]

   It prevents you from being teleported, slowed, hasted or paralysed.
   It affects your strength (+7).
   It affects your intelligence (+4).
   It may corrode your equipment when you take damage.
 D - a +6 ring of strength (left hand)
 P - the amulet "Uczeg" {Gourm Str+2}
   (You found it in the Dungeon)

   [amulet of the gourmand]

   It allows you to eat raw meat even when not hungry.
   It affects your strength (+2).
 Q - the ring "Etah" (right hand) {Int+4 Dex+4 Slay+3 Stlth+}
   (You found it in the Dungeon)

   [ring of slaying]

   It affects your intelligence (+4).
   It affects your dexterity (+4).
   It affects your accuracy and damage with ranged weapons and melee attacks
   (+3).
   It makes you more stealthy.
Magical devices
 F - a wand of disintegration (7)
 G - a wand of fire (5)
 H - a wand of cold (5)
 I - a wand of draining (5)
Scrolls
 k - 4 scrolls of blinking
 o - 3 scrolls of brand weapon
 q - 4 scrolls of amnesia
 r - 3 scrolls of recharging
 s - 8 scrolls of fog
 t - a scroll of holy word
 u - 5 scrolls of identify
 v - 5 scrolls of remove curse
 w - 2 scrolls of fear
 R - 4 scrolls of enchant armour
 S - 4 scrolls of enchant weapon
Potions
 d - 7 potions of might
 f - 10 potions of curing
 g - 6 potions of heal wounds
 h - 6 potions of haste
 i - 7 potions of magic
 j - 3 potions of berserk rage
 l - 2 potions of brilliance
 m - 2 potions of invisibility
 n - 4 potions of resistance
 p - 5 potions of agility
Books
 a - a manual of Dodging
 c - a manual of Throwing
 x - a manual of Maces & Flails
Comestibles
 e - 4 bread rations
 z - 4 meat rations
 N - 53 chunks of flesh
 O - 3 royal jellies


   Skills:
 * Level 23.2 Fighting
 * Level 26.4 Maces & Flails
 + Level 20.2 Armour
 + Level 14.9 Dodging
 + Level 21.9 Shields
 - Level 15.8 Invocations
 + Level 4.2 Evocations


You had 15 spell levels left.
You didn't know any spells.

Dungeon Overview and Level Annotations

Branches:
Dungeon (1/1)

Altars:
Ashenzari
Cheibriados
Dithmenos
Elyvilon
Fedhas
Gozag
Kikubaaqudgha
Makhleb
Nemelex Xobeh
Okawaru
Qazlal
Ru
Sif Muna
Trog
Vehumet
Xom
Yredelemnul
Zin
The Shining One
Beogh
Jiyva
Lugonu


Innate Abilities, Weirdness & Mutations

You are resistant to torment.
Your stone body is resilient (AC +11).
You are immune to poison.
Your large and strong wings let you fly indefinitely.
You resist negative energy.
You are resistant to electric shocks.
You can survive without breathing.
You are immune to petrification.
You are immune to rotting.
You have a pair of small horns on your head.
You are partially covered in molten scales (AC +1).
You tend to lose your temper in combat.
Your mind is acute. (Int +2)
Your natural rate of healing is unusually fast.
You evolve.
Your spells are easier to cast, but less powerful.
You expend magic power (3 MP) to strengthen your wands.


Message History

w - Wait here. f - Follow me.
Anything else - Stay silent.
Gang up on whom?
Press: ? - help, Dir - move target cursor, f/p - Hell Sentinel
Aim: a Hell Sentinel (moderately wounded) Attack!
Your fire elemental is struck by the Hell Sentinel's spines.
Your fire elemental hits the Hell Sentinel. x2
The Hell Sentinel hits your water elemental!!
Your water elemental is destroyed!
Your water elemental is engulfed in freezing vapours.
Your water elemental hits the Hell Sentinel.
Your earth elemental hits the Hell Sentinel!!!
Your earth elemental hits the Hell Sentinel.
Your fire elemental hits the Hell Sentinel.
You are no longer corroded.
Your fire elemental hits the Hell Sentinel.
The Hell Sentinel gestures at you.
The hellfire explodes!
The blast of hellfire engulfs you!
You die...

▓8.............8▓▓......
▓_8_8_8_8_8_8_8_▓▓...▓..
▓▓▓▓▓▓▓▓▓▓▓▓▓▓▓▓▓▓..▓▓▓.
.......8©8.......▓...▓..
...%)).|}:}|)}...▓......
...)|}|.%::|.}...▓......
...)[§)})§.......▓▓▓▓▓▓▓
......§)§§§.!....▓......
.....§.@E§§).....▓..:"}%
.....§§)EE)......▓..§[§§
.....§)E1E.......▓......
......§E.E.......▓......
.................▓......
.................▓......
.................▓......
.................▓......
...▓.........▓...▓......


You could see a Hell Sentinel, 3 friendly earth elementals, 2 friendly water
elementals and 2 friendly fire elementals.

Vanquished Creatures
  2 pearl dragons (D)
  4 deep elf blademasters (D)
  3 deep elf master archers (D)
  A tentacled starspawn (D)
  3 greater nagas (D)
  A daeva (D)
  A fire giant (D)
  10 deep elf sorcerers (D)
  3 angels (D)
  3 ghouls (D)
  7 reapers (D)
  An ophan (D)
  3 very ugly things (D)
  A deep elf demonologist (D)
  6 deep elf annihilators (D)
  A deep elf death mage (D)
  2 fire dragons (D)
  2 deep elf high priests (D)
  2 naga warriors (D)
  An entropy weaver (shapeshifter) (D)
  2 hell knights (D)
  2 hell hogs (D)
  2 deep elf knights (D)
  5 soul eaters (D)
  A wretched star (D)
  3 ice devils (D)
  4 skeletal warriors (D)
  A shadow wraith (D)
  A cherub (D)
  An unseen horror (shapeshifter) (D)
  3 deep elf summoners (D)
  A flayed ghost (D)
  7 deep elf conjurers (D)
  A giant orange brain (shapeshifter) (D)
  An orc sorcerer (D)
  A sixfirhy (D)
  2 cyclopes (shapeshifter) (D)
  2 shining eyes (D)
  An ugly thing (D)
  5 guardian serpents (D)
  An apocalypse crab (D)
  2 smoke demons (D)
  5 rust devils (D)
  A naga mage (D)
  4 large abominations (D)
  An eye of devastation (D)
  A hellion (D)
  A black mamba (D)
  A wandering mushroom (D)
  An efreet (D)
  A tormentor (D)
  A fire drake (D)
  2 ancient zymes (D)
  A merfolk (shapeshifter) (D)
  4 freezing wraiths (D)
  A deep elf priest (D)
  3 merfolk (D)
  2 jumping spiders (shapeshifter) (D)
  A blue devil (D)
  A blink frog (D)
  A fire vortex (D)
  A red devil (D)
  4 small abominations (D)
  2 slime creatures (D)
  2 shadows (D)
  A raiju (D)
  A flying skull (D)
  A ynoxinul (D)
  4 wraiths (D)
  Sigmund (D)
  2 fire elementals (D)
  A vampire (D)
  2 spriggans (D)
  5 deep elf magi (D)
  2 deep elf fighters (D)
  A wolf (D)
  A chaos spawn (D)
  A naga (D)
  3 water moccasins (D)
  A black bear (D)
  2 hell hounds (D)
  10 starcursed masses (D)
  A phantom (D)
  A centaur (D)
  An ice beast (D)
  2 eyes of draining (D)
  Blork the orc (D)
  5 wights (D)
  An orc priest (D)
  3 jellies (D)
  2 orc wizards (D)
  2 crimson imps (D)
  9 iron imps (D)
  Jessica (D)
  4 quasits (D)
  2 sheep (D)
  A mummy (D)
  3 adders (D)
  2 white imps (D)
  A shadow imp (D)
  3 oozes (D)
  9 adder zombies (D)
  2 orcs (D)
  3 ball pythons (D)
  3 bat skeletons (D)
  5 bat zombies (D)
  A ball python skeleton (D)
  2 giant cockroach zombies (D)
  A giant gecko skeleton (D)
  A giant gecko zombie (D)
  A jackal zombie (D)
  3 quokka zombies (D)
  A spectral giant cockroach (D)
  3 fungi (D)
267 creatures vanquished.

Vanquished Creatures (others)
  An ugly thing (D)
  A neqoxec (D)
  A ball python (D)
  A bat zombie (D)
  2 starspawn tentacles (D)
  20 starspawn tentacle segments (D)
26 creatures vanquished.

Grand Total: 293 creatures vanquished

Notes
Turn   | Place    | Note
--------------------------------------------------------------
     0 | D        | Kidiri the Gargoyle Fighter began the quest for the Orb.
     0 | D        | Reached XP level 1. HP: 14/14 MP: 1/1
     0 | D        | Found an iron altar of Okawaru.
     0 | D        | Found a burning altar of Makhleb.
     0 | D        | Found a radiant altar of Vehumet.
     0 | D        | Found a deep blue altar of Sif Muna.
     0 | D        | Found a shimmering altar of Xom.
     1 | D        | Found a roughly hewn altar of Beogh.
     1 | D        | Found a corrupted altar of Lugonu.
     1 | D        | Found a viscous altar of Jiyva.
     1 | D        | Found a white marble altar of Elyvilon.
     1 | D        | Found a sparkling altar of Nemelex Xobeh.
     1 | D        | Found a bloodstained altar of Trog.
   105 | D        | Became a worshipper of Qazlal Stormbringer
   113 | D        | Reached skill level 4 in Fighting
   113 | D        | Reached XP level 2. HP: 17/20 MP: 1/4
   165 | D        | Entered arena 1.
   165 | D        | Noticed a quasit
   165 | D        | Noticed a crimson imp
   167 | D        | Killed a crimson imp
   167 | D        | Reached skill level 5 in Maces & Flails
   167 | D        | Reached XP level 3. HP: 25/25 MP: 5/5
   167 | D        | Killed a quasit
   167 | D        | Reached skill level 5 in Fighting
   167 | D        | Reached skill level 5 in Armour
   167 | D        | Reached skill level 5 in Shields
   167 | D        | Reached XP level 4. HP: 29/31 MP: 6/6
   176 | D        | Entered arena 2.
   176 | D        | Noticed Sigmund
   176 | D        | Noticed Jessica
   176 | D        | Noticed Blork the orc
   182 | D        | Killed Sigmund
   182 | D        | Acquired Qazlal's first power
   182 | D        | Reached skill level 6 in Fighting
   182 | D        | Reached skill level 7 in Maces & Flails
   182 | D        | Reached skill level 5 in Invocations
   182 | D        | Reached XP level 5. HP: 34/37 MP: 6/9
   186 | D        | Killed Jessica
   186 | D        | Reached XP level 6. HP: 36/42 MP: 6/10
   186 | D        | Killed Blork the orc
   186 | D        | Reached skill level 8 in Maces & Flails
   196 | D        | Got the ring "Woso" {rF+ Int+5}
   229 | D        | Entered arena 3.
   229 | D        | Noticed an eye of draining
   229 | D        | Noticed a jelly
   232 | D        | Killed a jelly
   232 | D        | Acquired Qazlal's second power
   238 | D        | Killed an eye of draining
   238 | D        | Reached XP level 7. HP: 45/48 MP: 0/11
   323 | D        | Entered arena 4.
   323 | D        | Noticed a wolf
   323 | D        | Noticed a spriggan
   323 | D        | Noticed a spriggan
   323 | D        | Noticed a black bear
   327 | D        | Killed a black bear
   327 | D        | Acquired Qazlal's third power
   327 | D        | Reached skill level 9 in Maces & Flails
   327 | D        | Killed a spriggan
   328 | D        | Killed a wolf
   328 | D        | Reached skill level 10 in Maces & Flails
   328 | D        | Killed a spriggan
   328 | D        | Reached XP level 8. HP: 51/55 MP: 11/13
   355 | D        | Entered arena 5.
   355 | D        | Noticed an orc wizard
   355 | D        | Noticed an orc wizard
   355 | D        | Noticed an orc priest
   357 | D        | Acquired Qazlal's fourth power
   359 | D        | Killed an orc priest
   359 | D        | Killed an orc wizard
   362 | D        | Killed an orc wizard
   383 | D        | Entered arena 6.
   383 | D        | Noticed a centaur
   383 | D        | Noticed a merfolk
   383 | D        | Noticed a merfolk
   383 | D        | Noticed a merfolk
   392 | D        | Killed a merfolk
   392 | D        | Reached skill level 11 in Maces & Flails
   392 | D        | Acquired Qazlal's fifth power
   393 | D        | Killed a merfolk
   396 | D        | Killed a centaur
   397 | D        | Killed a merfolk
   397 | D        | Reached XP level 9. HP: 61/61 MP: 13/15
   430 | D        | Entered arena 7.
   430 | D        | Noticed a wight
   430 | D        | Noticed a phantom
   430 | D        | Noticed a wight
   434 | D        | Killed a wight
   435 | D        | Killed a wight
   445 | D        | Killed a phantom
   457 | D        | Entered arena 8.
   457 | D        | Noticed a large abomination
   457 | D        | Noticed a quasit
   457 | D        | Noticed a crimson imp
   457 | D        | Noticed a quasit
   457 | D        | Noticed an iron imp
   457 | D        | Noticed a quasit
   462 | D        | Killed a quasit
   462 | D        | Reached skill level 12 in Maces & Flails
   462 | D        | Killed an iron imp
   462 | D        | Killed a quasit
   464 | D        | Killed a large abomination
   464 | D        | Reached skill level 10 in Fighting
   464 | D        | Reached skill level 10 in Armour
   464 | D        | Reached skill level 10 in Shields
   464 | D        | Killed a quasit
   485 | D        | Killed a crimson imp
   489 | D        | Got the +1 helmet of Impatience {Slay+2}
   580 | D        | Entered arena 9.
   580 | D        | Noticed a water moccasin
   580 | D        | Noticed a naga
   580 | D        | Noticed a water moccasin
   580 | D        | Noticed a water moccasin
   583 | D        | Killed a water moccasin
   583 | D        | Reached skill level 13 in Maces & Flails
   587 | D        | Killed a water moccasin
   587 | D        | Killed a water moccasin
   589 | D        | Killed a naga
   609 | D        | Got the +5 halberd of Namad {pain, +Blink rElec}
   621 | D        | Entered arena 10.
   621 | D        | Noticed a jelly
   621 | D        | Noticed a shining eye
   621 | D        | Noticed an eye of draining
   621 | D        | Noticed an eye of devastation
   621 | D        | Noticed a jelly
   621 | D        | Noticed a shining eye
   621 | D        | Noticed a slime creature
   621 | D        | Noticed a slime creature
   625 | D        | Killed a slime creature
   625 | D        | Reached skill level 10 in Invocations
   625 | D        | Killed a jelly
   625 | D        | Reached skill level 14 in Maces & Flails
   625 | D        | Killed a jelly
   626 | D        | Gained mutation: Your magical capacity is low (-10% MP). [a shining eye]
   626 | D        | Killed a shining eye
   626 | D        | Reached XP level 10. HP: 47/68 MP: 12/15
   628 | D        | Killed an eye of devastation
   629 | D        | Killed a shining eye
   629 | D        | Reached skill level 15 in Maces & Flails
   633 | D        | Killed an eye of draining
   639 | D        | Killed a slime creature
   645 | D        | Got the ring of Jisao {rC+ MP-9 Int+3 Slay+5}
   789 | D        | Entered arena 11.
   789 | D        | Noticed a hell hound
   789 | D        | Noticed a fire elemental
   789 | D        | Noticed a fire giant
   789 | D        | Noticed a hell hog
   789 | D        | Noticed an efreet
   790 | D        | Noticed a fire dragon
   790 | D        | Noticed a fire dragon
   790 | D        | Noticed a fire elemental
   790 | D        | Noticed a fire drake
   790 | D        | Noticed a fire vortex
   791 | D        | Killed a hell hound
   794 | D        | Killed a hell hog
   794 | D        | Reached skill level 16 in Maces & Flails
   796 | D        | Killed a fire drake
   796 | D        | Killed a fire vortex
   797 | D        | Killed a fire dragon
   798 | D        | Killed a fire elemental
   798 | D        | Killed a fire elemental
   801 | D        | Killed a fire dragon
   801 | D        | Reached skill level 17 in Maces & Flails
   801 | D        | Reached XP level 11. HP: 37/76 MP: 2/17
   802 | D        | Killed an efreet
   803 | D        | Killed a fire giant
   898 | D        | Entered arena 12.
   898 | D        | Noticed a hell knight
   898 | D        | Noticed a hell knight
   899 | D        | Noticed a hell hog
   899 | D        | Noticed a wraith
   899 | D        | Noticed a flying skull
   899 | D        | Noticed a wight
   899 | D        | Noticed a hellion
   899 | D        | Noticed a wraith
   907 | D        | Killed a hell hog
   908 | D        | Killed a flying skull
   908 | D        | Killed a wight
   911 | D        | Killed a hell knight
   911 | D        | Reached skill level 18 in Maces & Flails
   911 | D        | Killed a hellion
   917 | D        | Killed a hell knight
   917 | D        | Killed a wraith
   923 | D        | Killed a wraith
   947 | D        | Got the ring "Oprop" {Ice rN+ Str+3}
   993 | D        | Entered arena 13.
   994 | D        | Noticed a shadow
   994 | D        | Noticed a skeletal warrior
   994 | D        | Noticed a freezing wraith
   994 | D        | Noticed an ice devil
   994 | D        | Noticed a blue devil
   994 | D        | Noticed a freezing wraith
   994 | D        | Noticed an ice devil
  1000 | D        | Killed a skeletal warrior
  1002 | D        | Killed an ice devil
  1008 | D        | Killed a freezing wraith
  1012 | D        | Killed an ice devil
  1012 | D        | Reached XP level 12. HP: 72/84 MP: 19/19
  1014 | D        | Killed a blue devil
  1020 | D        | Killed a freezing wraith
  1024 | D        | Killed a shadow
  1043 | D        | Got the ring of Broken Luck {MR++ Int+4 Stlth-}
  1154 | D        | Entered arena 14.
  1155 | D        | Noticed an ice devil
  1155 | D        | Noticed a wraith
  1155 | D        | Noticed an ice beast
  1155 | D        | Noticed a freezing wraith
  1155 | D        | Noticed a freezing wraith
  1155 | D        | Noticed a wight
  1156 | D        | Noticed a shadow
  1156 | D        | Noticed a wight
  1156 | D        | Noticed a skeletal warrior
  1160 | D        | Killed an ice beast
  1161 | D        | Killed a wight
  1167 | D        | Killed a freezing wraith
  1168 | D        | Killed an ice devil
  1168 | D        | Reached skill level 19 in Maces & Flails
  1170 | D        | Killed a skeletal warrior
  1170 | D        | Killed a wight
  1171 | D        | Killed a shadow
  1177 | D        | Killed a freezing wraith
  1182 | D        | Killed a wraith
  1185 | D        | Got the ring "Keisy" {AC+2 Int+5 Dex+2}
  1218 | D        | Entered arena 15.
  1219 | D        | Noticed a cyclops
  1219 | D        | Noticed a cyan ugly thing
  1219 | D        | Noticed a brown very ugly thing
  1219 | D        | Noticed an anubis guard
  1219 | D        | Noticed a mana viper
  1219 | D        | Noticed a deep troll
  1219 | D        | Noticed a neqoxec
  1219 | D        | Noticed a red ugly thing
  1219 | D        | Noticed a purple very ugly thing
  1220 | D        | Noticed an eye of devastation
  1220 | D        | Noticed a moth of wrath
  1220 | D        | Noticed a brown very ugly thing
  1220 | D        | Noticed an anubis guard
  1220 | D        | an eye of devastation changed into a water nymph
  1221 | D        | a moth of wrath changed into a salamander
  1221 | D        | a cyclops changed into a jumping spider
  1221 | D        | Noticed a fire dragon
  1221 | D        | an anubis guard changed into a fire dragon
  1221 | D        | a deep troll changed into a giant orange brain
  1223 | D        | a mana viper changed into a cyclops
  1225 | D        | Killed a cyan ugly thing
  1225 | D        | Noticed a ghost crab
  1225 | D        | a water nymph changed into a ghost crab
  1226 | D        | an anubis guard changed into a redback
  1227 | D        | Noticed an entropy weaver
  1227 | D        | a fire dragon changed into an entropy weaver
  1228 | D        | Killed a red ugly thing
  1230 | D        | Killed a brown very ugly thing
  1231 | D        | a ghost crab changed into a death drake
  1232 | D        | Killed a green very ugly thing
  1232 | D        | Noticed a ghost crab
  1232 | D        | a hornet changed into a ghost crab
  1233 | D        | Killed a purple very ugly thing
  1233 | D        | a ghost crab changed into a komodo dragon
  1233 | D        | Killed a neqoxec
  1235 | D        | Killed an entropy weaver
  1235 | D        | Reached skill level 20 in Maces & Flails
  1273 | D        | Lost mutation: Your magical capacity is low (-10% MP). [mutagenic meat]
  1274 | D        | Gained mutation: You can spit weak poison. [mutagenic meat]
  1275 | D        | Gained mutation: Your mind is acute. (Int +2) [mutagenic meat]
  1276 | D        | Gained mutation: Scrolls take you a little longer to read. [mutagenic meat]
  1277 | D        | Gained mutation: You are frail (-10% HP). [mutagenic meat]
  1278 | D        | Gained mutation: You are partially covered in molten scales (AC +1). [mutagenic meat]
  1280 | D        | Gained mutation: Your spells are a little easier to cast, but a little less powerful. [mutagenic meat]
  1281 | D        | Gained mutation: Your natural rate of healing is unusually fast. [mutagenic meat]
  1282 | D        | Lost mutation: You are frail (-10% HP). [mutagenic meat]
  1283 | D        | Gained mutation: Your spells are easier to cast, but less powerful. [mutagenic meat]
  1284 | D        | Gained mutation: You are robust (+10% HP). [mutagenic meat]
  1285 | D        | Lost mutation: You can spit weak poison. [mutagenic meat]
  1286 | D        | Lost mutation: You are robust (+10% HP). [mutagenic meat]
  1287 | D        | Gained mutation: You tend to lose your temper in combat. [mutagenic meat]
  1288 | D        | Gained mutation: Your flesh is cold resistant. [mutagenic meat]
  1289 | D        | Gained mutation: You have sharp toenails. [mutagenic meat]
  1292 | D        | Lost mutation: Your flesh is cold resistant. [mutagenic meat]
  1293 | D        | Gained mutation: You evolve. [mutagenic meat]
  1294 | D        | Gained mutation: You occasionally shout uncontrollably at your foes. [mutagenic meat]
  1295 | D        | Gained mutation: You have a pair of small horns on your head. [mutagenic meat]
  1296 | D        | Gained mutation: You sometimes yell uncontrollably at your foes. [mutagenic meat]
  1304 | D        | Got the amulet "Uczeg" {Gourm Str+2}
  1308 | D        | Got the ring "Etah" {Int+4 Dex+4 Slay+3 Stlth+}
  1323 | D        | Entered arena 16.
  1325 | D        | Noticed a guardian serpent
  1325 | D        | Noticed a guardian serpent
  1325 | D        | Noticed a naga mage
  1325 | D        | Noticed a greater naga
  1325 | D        | Noticed a greater naga
  1326 | D        | Noticed a black mamba
  1326 | D        | Noticed a guardian serpent
  1326 | D        | Noticed a guardian serpent
  1326 | D        | Noticed a guardian serpent
  1326 | D        | Noticed a greater naga
  1327 | D        | Noticed a naga warrior
  1327 | D        | Noticed a naga warrior
  1331 | D        | Killed a black mamba
  1331 | D        | Killed a guardian serpent
  1332 | D        | Killed a naga warrior
  1332 | D        | Reached skill level 15 in Shields
  1332 | D        | Reached XP level 13. HP: 77/91 MP: 23/23
  1333 | D        | Killed a guardian serpent
  1334 | D        | Killed a guardian serpent
  1335 | D        | Killed a greater naga
  1335 | D        | Reached skill level 15 in Fighting
  1335 | D        | Reached skill level 15 in Armour
  1336 | D        | Killed a guardian serpent
  1338 | D        | Killed a naga mage
  1340 | D        | Killed a guardian serpent
  1342 | D        | Killed a greater naga
  1342 | D        | Reached skill level 15 in Invocations
  1344 | D        | Killed a greater naga
  1345 | D        | Killed a naga warrior
  1345 | D        | Reached skill level 21 in Maces & Flails
  1392 | D        | Lost mutation: Scrolls take you a little longer to read. [mutagenic meat]
  1394 | D        | Lost mutation: You sometimes yell uncontrollably at your foes. [mutagenic meat]
  1396 | D        | Gained mutation: Potions and wands are less effective at restoring your health. [mutagenic meat]
  1399 | D        | Gained mutation: You expend magic power (3 MP) to strengthen your wands. [mutagenic meat]
  1400 | D        | Lost mutation: You tend to lose your temper in combat. [mutagenic meat]
  1401 | D        | Lost mutation: You have sharp toenails. [mutagenic meat]
  1403 | D        | Lost mutation: You occasionally shout uncontrollably at your foes. [mutagenic meat]
  1405 | D        | Lost mutation: Potions and wands are less effective at restoring your health. [mutagenic meat]
  1406 | D        | Gained mutation: You tend to lose your temper in combat. [mutagenic meat]
  1452 | D        | Entered arena 17.
  1454 | D        | Noticed a soul eater
  1454 | D        | Noticed a soul eater
  1454 | D        | Noticed a soul eater
  1454 | D        | Noticed a ghoul
  1455 | D        | Noticed a ghoul
  1455 | D        | Noticed a soul eater
  1455 | D        | Noticed a ghoul
  1455 | D        | Noticed a soul eater
  1470 | D        | Killed a soul eater
  1470 | D        | Killed a ghoul
  1479 | D        | Killed a ghoul
  1482 | D        | Killed a ghoul
  1486 | D        | Killed a soul eater
  1488 | D        | Killed a soul eater
  1500 | D        | Killed a soul eater
  1510 | D        | Killed a soul eater
  1551 | D        | Entered arena 18.
  1553 | D        | Noticed an angel
  1553 | D        | Noticed a pearl dragon
  1553 | D        | Noticed a pearl dragon
  1554 | D        | Noticed a daeva
  1554 | D        | Noticed an ophan
  1554 | D        | Noticed an angel
  1555 | D        | Noticed an angel
  1556 | D        | Noticed a cherub
  1556 | D        | Killed an ophan
  1556 | D        | Reached skill level 1 in Dodging
  1560 | D        | Killed an angel
  1560 | D        | Killed a pearl dragon
  1560 | D        | Reached skill level 22 in Maces & Flails
  1560 | D        | Gained mutation: Your large and strong wings let you fly indefinitely. [Gargoyle growth]
  1560 | D        | Reached XP level 14. HP: 47/102 MP: 17/25
  1563 | D        | Killed a cherub
  1563 | D        | Killed a daeva
  1563 | D        | Killed an angel
  1563 | D        | Reached skill level 5 in Dodging
  1563 | D        | Killed an angel
  1573 | D        | Killed a pearl dragon
  1714 | D        | Entered arena 19.
  1718 | D        | Noticed a deep elf conjurer
  1718 | D        | Noticed a deep elf mage
  1718 | D        | Noticed a deep elf fighter
  1718 | D        | Noticed a deep elf annihilator
  1719 | D        | Noticed a deep elf blademaster
  1719 | D        | Noticed a deep elf conjurer
  1719 | D        | Noticed a deep elf annihilator
  1719 | D        | Noticed a deep elf conjurer
  1719 | D        | Noticed a deep elf sorcerer
  1719 | D        | Noticed a deep elf mage
  1719 | D        | Noticed a deep elf annihilator
  1719 | D        | Noticed a deep elf sorcerer
  1719 | D        | Noticed a deep elf conjurer
  1719 | D        | Noticed a deep elf conjurer
  1720 | D        | Noticed a deep elf annihilator
  1720 | D        | Noticed a deep elf conjurer
  1720 | D        | Noticed a deep elf conjurer
  1720 | D        | Noticed a deep elf summoner
  1720 | D        | Noticed a deep elf mage
  1724 | D        | Killed a deep elf mage
  1725 | D        | Killed a deep elf sorcerer
  1726 | D        | Killed a deep elf conjurer
  1726 | D        | Killed a deep elf fighter
  1726 | D        | Killed a deep elf conjurer
  1726 | D        | Killed a deep elf conjurer
  1726 | D        | Killed a deep elf annihilator
  1726 | D        | Killed a deep elf conjurer
  1726 | D        | Killed a deep elf annihilator
  1726 | D        | Killed a deep elf conjurer
  1726 | D        | Killed a deep elf mage
  1727 | D        | Killed a deep elf conjurer
  1729 | D        | Killed a deep elf conjurer
  1731 | D        | Killed a deep elf sorcerer
  1731 | D        | Reached skill level 23 in Maces & Flails
  1731 | D        | Killed a deep elf mage
  1735 | D        | Killed a deep elf blademaster
  1738 | D        | Killed a deep elf annihilator
  1740 | D        | Killed a deep elf summoner
  1742 | D        | Killed a deep elf annihilator
  1824 | D        | Identified a +2 pair of boots of running (You found it in the Dungeon)
  1839 | D        | Entered arena 20.
  1839 | D        | Noticed a raiju
  1839 | D        | Noticed a vampire
  1840 | D        | Killed a vampire
  1841 | D        | Killed a raiju
  1843 | D        | Noticed a sixfirhy
  1846 | D        | Noticed a small abomination
  1846 | D        | Noticed a small abomination
  1846 | D        | Noticed a starcursed mass
  1847 | D        | Noticed a smoke demon
  1848 | D        | Noticed a wraith
  1849 | D        | Killed a sixfirhy
  1850 | D        | Noticed a chaos spawn
  1852 | D        | Noticed a large abomination
  1852 | D        | Noticed a wretched star
  1852 | D        | Paralysed by accursed screaming for 1 turns
  1853 | D        | Noticed a small abomination
  1854 | D        | Killed a starcursed mass
  1854 | D        | Killed a starcursed mass
  1854 | D        | Killed a starcursed mass
  1854 | D        | Killed a starcursed mass
  1854 | D        | Killed a large abomination
  1854 | D        | Killed a smoke demon
  1854 | D        | Killed a chaos spawn
  1854 | D        | Killed a starcursed mass
  1854 | D        | Killed a small abomination
  1855 | D        | Noticed a large abomination
  1855 | D        | Noticed a smoke demon
  1855 | D        | Noticed a ynoxinul
  1855 | D        | Noticed a wandering mushroom
  1856 | D        | Noticed a large abomination
  1857 | D        | Noticed an ancient zyme
  1857 | D        | Noticed a tentacled starspawn
  1858 | D        | Killed a small abomination
  1859 | D        | Killed a starcursed mass
  1859 | D        | Killed a starcursed mass
  1859 | D        | Killed a wraith
  1859 | D        | Reached XP level 15. HP: 61/111 MP: 16/26
  1859 | D        | Killed a smoke demon
  1859 | D        | Killed a large abomination
  1859 | D        | Killed a starcursed mass
  1859 | D        | Killed a large abomination
  1859 | D        | Reached skill level 10 in Dodging
  1859 | D        | Killed an ancient zyme
  1859 | D        | Killed a starcursed mass
  1859 | D        | Killed a wretched star
  1859 | D        | Killed a shadow wraith
  1859 | D        | Killed a small abomination
  1859 | D        | Killed a starcursed mass
  1860 | D        | Noticed an apocalypse crab
  1861 | D        | Noticed a blink frog
  1861 | D        | Noticed a small abomination
  1861 | D        | Killed an apocalypse crab
  1861 | D        | Killed a tentacled starspawn
  1863 | D        | Noticed an ancient zyme
  1863 | D        | Killed a ynoxinul
  1869 | D        | Killed a small abomination
  1872 | D        | Killed an ancient zyme
  1874 | D        | Killed a blink frog
  1896 | D        | Killed a wandering mushroom
  1923 | D        | Got the ring "Wenn" {*Confuse +Fly rElec Stlth+}
  1938 | D        | Got the cursed +0 cloak of Xacvut {Slay+2}
  1971 | D        | Entered arena 21.
  1974 | D        | Noticed a deep elf master archer
  1974 | D        | Noticed a deep elf sorcerer
  1974 | D        | Noticed a deep elf blademaster
  1974 | D        | Noticed a deep elf summoner
  1974 | D        | Noticed a deep elf fighter
  1974 | D        | Noticed a deep elf sorcerer
  1975 | D        | Noticed a deep elf priest
  1975 | D        | Noticed a deep elf master archer
  1975 | D        | Noticed a deep elf annihilator
  1975 | D        | Noticed a deep elf knight
  1975 | D        | Noticed a deep elf sorcerer
  1975 | D        | Noticed a deep elf annihilator
  1975 | D        | Noticed a deep elf blademaster
  1976 | D        | Noticed a deep elf high priest
  1976 | D        | Noticed a deep elf sorcerer
  1976 | D        | Noticed a deep elf sorcerer
  1976 | D        | Noticed a deep elf death mage
  1976 | D        | Noticed a deep elf sorcerer
  1976 | D        | Noticed a deep elf blademaster
  1976 | D        | Noticed a deep elf summoner
  1976 | D        | Noticed a deep elf high priest
  1976 | D        | Noticed a deep elf master archer
  1976 | D        | Noticed a deep elf sorcerer
  1976 | D        | Noticed an orc sorcerer
  1976 | D        | Noticed a deep elf sorcerer
  1976 | D        | Noticed a deep elf demonologist
  1977 | D        | Noticed a deep elf mage
  1977 | D        | Noticed a deep elf mage
  1978 | D        | Killed a deep elf fighter
  1979 | D        | Noticed a deep elf knight
  1982 | D        | Killed a deep elf blademaster
  1983 | D        | Killed a deep elf sorcerer
  1983 | D        | Reached skill level 24 in Maces & Flails
  1984 | D        | Killed a deep elf sorcerer
  1984 | D        | Killed a deep elf sorcerer
  1984 | D        | Killed a deep elf priest
  1984 | D        | Killed a deep elf sorcerer
  1984 | D        | Killed a deep elf master archer
  1984 | D        | Killed a deep elf summoner
  1984 | D        | Killed a deep elf death mage
  1984 | D        | Killed a deep elf blademaster
  1985 | D        | Killed a deep elf annihilator
  1985 | D        | Killed a deep elf master archer
  1986 | D        | Killed a deep elf mage
  1986 | D        | Killed a deep elf high priest
  1986 | D        | Killed a deep elf high priest
  1986 | D        | Killed a deep elf sorcerer
  1986 | D        | Killed a deep elf sorcerer
  1986 | D        | Killed a deep elf knight
  1987 | D        | Killed a deep elf blademaster
  1987 | D        | Reached skill level 25 in Maces & Flails
  1990 | D        | Noticed an Executioner
  1990 | D        | Killed a deep elf summoner
  1991 | D        | Killed a deep elf sorcerer
  1992 | D        | Killed a deep elf sorcerer
  1994 | D        | Killed a deep elf mage
  1994 | D        | Killed an orc sorcerer
  1994 | D        | Reached XP level 16. HP: 103/123 MP: 13/27
  1995 | D        | Killed a deep elf master archer
  1998 | D        | Killed a deep elf knight
  2000 | D        | Killed a deep elf annihilator
  2000 | D        | Killed a deep elf demonologist
  2066 | D        | Got the +0 pair of boots of Quantum Leap {+Inv rPois Regen+ Dex-5}
  2100 | D        | Got the amulet "Donibyet" {Stasis *Corrode Str+7 Int+4}
  2127 | D        | Entered arena 22.
  2133 | D        | Noticed an iron imp
  2133 | D        | Noticed a tormentor
  2134 | D        | Noticed a hell hound
  2134 | D        | Noticed a rust devil
  2134 | D        | Noticed a Hell Sentinel
  2134 | D        | Noticed an iron imp
  2134 | D        | Noticed a reaper
  2134 | D        | Noticed a reaper
  2134 | D        | Noticed an iron imp
  2134 | D        | Noticed a reaper
  2134 | D        | Noticed a rust devil
  2134 | D        | Noticed a reaper
  2135 | D        | Noticed a rust devil
  2135 | D        | Noticed a skeletal warrior
  2135 | D        | Noticed a red devil
  2135 | D        | Noticed an iron imp
  2135 | D        | Noticed a skeletal warrior
  2135 | D        | Noticed an iron imp
  2135 | D        | Noticed a flayed ghost
  2135 | D        | Noticed an iron imp
  2135 | D        | Noticed a rust devil
  2136 | D        | Noticed a reaper
  2136 | D        | Noticed a reaper
  2137 | D        | Noticed a reaper
  2137 | D        | Noticed a rust devil
  2137 | D        | Noticed an iron imp
  2137 | D        | Noticed an iron imp
  2138 | D        | Killed an iron imp
  2140 | D        | Killed a hell hound
  2143 | D        | Killed a rust devil
  2144 | D        | Killed an iron imp
  2145 | D        | Killed a red devil
  2145 | D        | Reached skill level 1 in Evocations
  2145 | D        | Killed an iron imp
  2145 | D        | Killed a rust devil
  2145 | D        | Killed a skeletal warrior
  2145 | D        | Killed a flayed ghost
  2145 | D        | Killed an iron imp
  2145 | D        | Killed an iron imp
  2145 | D        | Killed an iron imp
  2145 | D        | Killed a rust devil
  2145 | D        | Killed a reaper
  2145 | D        | Killed an iron imp
  2145 | D        | Killed an iron imp
  2148 | D        | Killed a reaper
  2150 | D        | Killed a reaper
  2155 | D        | Killed a reaper
  2155 | D        | Reached skill level 26 in Maces & Flails
  2155 | D        | Killed a skeletal warrior
  2157 | D        | Killed a reaper
  2159 | D        | Killed a reaper
  2159 | D        | Killed a rust devil
  2161 | D        | Killed a rust devil
  2161 | D        | Killed a tormentor
  2165 | D        | Killed a reaper
  2175 | D        | Killed from afar by a Hell Sentinel

Vault maps used:
D:        sprint_v

Action                   |  1- 3 |  4- 6 |  7- 9 | 10-12 | 13-15 | 16-18 || total
-------------------------+-------+-------+-------+-------+-------+-------++-------
Melee: Shillelagh        |     1 |    12 |    52 |   107 |   120 |    33 ||   325
Invok: Disaster Area     |       |       |       |     3 |     9 |     1 ||    13
       Upheaval          |       |       |       |       |     1 |       ||     1
       Elemental Force   |       |       |       |       |       |     1 ||     1
  Use: Potion            |     1 |       |       |     1 |     3 |       ||     5
  Eat: Chunk             |       |       |       |    25 |    31 |       ||    56
       Bread ration      |       |       |       |     1 |       |       ||     1
